 Dungeon Crawl Stone Soup version 0.29.0-11-gd7f09526c8 (webtiles) character file.

Game seed: 14851961777716912623

45040 LabCoat the Severer (level 14, 0/124 HPs)
             Began as a Hill Orc Fighter on Sept 4, 2022.
             Was an Elder of Trog.
             Slain by a komodo dragon (7 damage)
             ... on level 5 of the Lair of Beasts.
             The game lasted 01:21:21 (17657 turns).

LabCoat the Severer (Hill Orc Fighter)             Turns: 17657, Time: 01:21:22

Health: 0/124      AC: 28    Str: 27    XL:     14   Next: 31%
Magic:  14/14      EV: 11    Int:  8    God:    Trog [****..]
Gold:   1015       SH: 11    Dex: 10    Spells: 13/13 levels left

rFire   . . .      SeeInvis .   v - +1 broad axe
rCold   + + .      Faith    .   w - +1 kite shield
rNeg    . . .      Spirit   .   q - +3 plate armour {rC+}
rPois   .          Reflect  .   r - +0 helmet
rElec   +          Harm     +   n - +1 cloak of Duty {Harm rC+}
rCorr   .          Rampage  .   p - +1 pair of gloves
Will    +....                   o - -1 pair of boots of Benevolence {rElec Str+3}
Stlth   ..........              (no amulet)
HPRegen 0.30/turn               u - +4 ring of evasion
MPRegen 0.14/turn               s - +4 ring of protection

@: on berserk cooldown, slowed, very slow
A: no striking features
a: Renounce Religion, Berserk, Trog's Hand, Brothers in Arms


You were on level 5 of the Lair of Beasts.
You worshipped Trog.
Trog was greatly pleased with you.
You visited 3 branches of the dungeon, and saw 15 of its levels.

You collected 2058 gold pieces.
You spent 1043 gold pieces at shops.

Inventory:

Hand Weapons
 m - the +7 sceptre of Torment {pain, torment}
   (You found it on level 4 of the Lair of Beasts)

   In the hands of one skilled in necromantic magic, it inflicts extra damage on
   living creatures.
   It occasionally torments all nearby living foes when it strikes in combat.
   Trog disapproves of the use of such an item.
 v - a +1 broad axe (weapon)
 y - a +1 morningstar
 E - a +4 flail
Missiles
 j - a javelin (quivered)
 k - a boomerang
 l - 3 throwing nets
 I - 4 silver javelins
Armour
 n - the +1 cloak of Duty (worn) {Harm rC+}
   (You bought it in a shop on level 3 of the Dungeon)

   rC:        It protects you from cold.
   Harm:      It increases damage dealt and taken.
 o - the -1 pair of boots of Benevolence (worn) {rElec Str+3}
   (You bought it in a shop on level 3 of the Dungeon)

   Str:       It affects your strength (+3).
   rElec:     It insulates you from electricity.
 p - a +1 pair of gloves (worn)
 q - a +3 plate armour of cold resistance (worn)
 r - a +0 helmet (worn)
 w - a +1 kite shield (worn)
Jewellery
 b - a ring of ice
 i - a ring of wizardry
 s - a +4 ring of protection (right hand)
 u - a +4 ring of evasion (left hand)
 F - an amulet of magic regeneration
Wands
 e - a wand of digging (6)
Scrolls
 a - 2 scrolls of identify
 f - 5 scrolls of fear
 x - 5 scrolls of enchant armour
 C - 2 scrolls of butterflies
 J - a scroll of teleportation
Potions
 d - 3 potions of brilliance
 g - 6 potions of lignification
 h - 2 potions of magic
 z - 2 potions of flight
 A - a potion of cancellation
 D - a potion of might


   Skills:
 + Level 11.5 Fighting
 + Level 18.8(20.0) Axes
 * Level 10.3(14.3) Maces & Flails
 + Level 5.1 Throwing
 + Level 10.3 Armour
 + Level 3.2 Dodging
 + Level 9.9 Shields
 + Level 4.6 Evocations


You had 13 spell levels left.
You didn't know any spells.
Your spell library contained the following spells:

 Spells                   Type           Power      Damage    Failure   Level
 Sublimation of Blood     Necr           0%         N/A       100%        2
 Wereblood                Tmut           0%         N/A       100%        2
 Conjure Flame            Conj/Fire      0%         6-21      100%        3
 Frozen Ramparts          Ice            0%         1d1       100%        3
 Ignite Poison            Fire/Tmut/Pois 0%         N/A       100%        3
 Airstrike                Air            0%         2d(0-16)  100%        4
 Ice Form                 Ice/Tmut       0%         N/A       100%        4
 Sticky Flame             Conj/Fire      0%         2d3       100%        4
 Summon Ice Beast         Ice/Summ       0%         N/A       100%        4
 Summon Lightning Spire   Summ/Air       0%         N/A       100%        4
 Lightning Bolt           Conj/Air       0%         1d11      100%        5
 Summon Hydra             Summ           0%         N/A       100%        7


Dungeon Overview and Level Annotations

Branches:
Dungeon (9/15)             Temple (1/1) D:4            Lair (5/5) D:8
  Swamp (0/4) Lair:2       Spider (0/4) Lair:2        Slime (0/5) Lair:4
    Orc (0/2) D:9

Altars:
Cheibriados
Dithmenos
Elyvilon
Hepliaklqana
Kikubaaqudgha
Makhleb
Nemelex Xobeh
Okawaru
Trog
Vehumet
Wu Jian
Xom
Yredelemnul
Zin
The Shining One
Jiyva

Shops:
D:3 [   D:4 [


Message History

* * * LOW HITPOINT WARNING * * *
The death yak closely misses you. You block the komodo dragon's attack.
The death yak misses you.
You thump the death yak!
You kill the death yak!
Trog accepts your kill.
The komodo dragon bites you but does no damage.
You block the death yak's attack. The death yak closely misses you.
v - a +1 broad axe (weapon)
You slice the death yak!!
You kill the death yak!
Trog accepts your kill.
You hit the death yak. You slice the komodo dragon!!
You are no longer berserk.
You are exhausted.
You feel yourself slow down.
You hit the death yak but do no damage.
The death yak is moderately wounded.
You barely miss the komodo dragon.
A polar bear comes into view.
The death yak gores you but does no damage.
The komodo dragon closely misses you.
The death yak gores you but does no damage.
The komodo dragon bites you but does no damage.
Okay, then.
Aiming: Bolt of Light
Press: ? - help, Shift-Dir - straight line, f - death yak
Aim: a death yak (moderately wounded, 91% to hit)
The bolt of light hits the death yak!
The death yak is heavily wounded.
The death yak is blinded.
The polar bear growls angrily.
The now-empty wand crumbles to dust.
You block the death yak's attack. The komodo dragon barely misses you.
You slice the death yak!!
The death yak is almost dead.
You slash the komodo dragon!
The death yak gores you but does no damage.
You block the komodo dragon's attack. The komodo dragon bites you.
You die...

#...#...........#..
.#......(...(......
............(......
...#.#..(..........
#..h....(..#.......
.#.............#...
..#........#..##...
#.#.#.Y†l.........
#.#.....@†.....#..
........####..#...
.........# ......
........## ......
........# .....
...#..... .....
......... ...#.....
.#.#.....


You could see a death yak (blind), a polar bear and a komodo dragon.

Vanquished Creatures
  Gastronok (Lair:2)
  6 hydras
  2 catoblepae
  A two-headed ogre (D:8)
  7 death yaks
  A wolf spider (Lair:1)
  9 elephants
  4 black mambas
  10 cane toads
  A gargoyle (D:8)
  Joseph (D:7)
  6 komodo dragons
  4 rime drakes
  A troll (D:6)
  A polar bear (Lair:2)
  6 hornets (Lair:3)
  Prince Ribbit (D:5)
  2 wyverns
  35 yaks
  4 basilisks
  A human (D:8)
  A fire elemental (Lair:2)
  3 hogs (D:8)
  A steam dragon (D:6)
  2 redbacks (Lair:2)
  2 wargs (D:8)
  5 swamp worms (Lair:2)
  Duvessa (D:4)
  11 water moccasins
  An acid dragon (D:9)
  4 orc warriors
  A swamp drake (Lair:1)
  A sky beast (D:6)
  4 ice beasts
  2 black bears (Lair:3)
  9 wolves
  A tengu (D:3)
  2 ogres
  4 phantoms
  2 centaurs
  A kobold brigand (D:6)
  A gnoll sergeant (D:8)
  21 bullfrogs
  3 scorpions
  A necrophage (D:6)
  A wight (D:6)
  Dowan (D:4)
  6 killer bees (D:9)
  2 howler monkeys
  A lava snake (Lair:2)
  A jelly (D:6)
  2 gnoll boudas
  7 hounds
  7 orc priests
  Terence (D:2)
  4 iguanas
  Natasha (thrice) (D:2)
  6 orc wizards
  12 gnolls
  16 adders
  A shadow imp (D:5)
  3 white imps
  6 worms
  2 dart slugs
  33 orcs
  3 bats (D:1)
  10 endoplasms
  2 giant cockroaches
  8 goblins
  8 hobgoblins
  4 jackals (D:1)
  17 kobolds
  4 quokkas
  6 ball pythons
  2 frilled lizards
  5 rats
372 creatures vanquished.

Vanquished Creatures (collateral kills)
  A water moccasin (Lair:3)
1 creature vanquished.

Vanquished Creatures (others)
  A killer bee (D:9)
  33 fungi
  48 plants
  3 toadstools (D:1)
85 creatures vanquished.

Grand Total: 458 creatures vanquished

Notes
Turn   | Place    | Note
-------+----------+-------------------------------------------
     0 | D:1      | LabCoat the Hill Orc Fighter began the quest for the Orb.
     0 | D:1      | Reached XP level 1. HP: 19/19 MP: 1/1
     0 | D:1      | Noticed a formicid
     1 | D:1      | Noticed a ghoul
     4 | D:1      | Noticed a dwarf
     7 | D:1      | Noticed a tengu
    15 | D:1      | Noticed a demigod
    19 | D:1      | Noticed an ogre
   138 | D:1      | Reached XP level 2. HP: 23/27 MP: 2/2
   227 | D:1      | Reached skill level 3 in Axes
   250 | D:1      | Found a faded altar of an unknown god.
   418 | D:1      | Identified a scroll of acquirement
   418 | D:1      | Acquired 837 gold pieces
   452 | D:1      | Reached XP level 3. HP: 29/33 MP: 3/3
   930 | D:2      | Noticed Natasha
   953 | D:2      | Killed Natasha
   954 | D:2      | Reached skill level 4 in Axes
   955 | D:2      | Reached XP level 4. HP: 6/40 MP: 4/4
  1280 | D:2      | Noticed Natasha
  1300 | D:2      | Killed Natasha
  1448 | D:2      | Noticed Terence
  1454 | D:2      | Killed Terence
  1455 | D:2      | Reached skill level 5 in Axes
  1455 | D:2      | Reached XP level 5. HP: 36/46 MP: 5/5
  1686 | D:2      | Noticed an ogre
  1694 | D:2      | Killed an ogre
  1695 | D:2      | Reached skill level 6 in Axes
  2182 | D:2      | Reached XP level 6. HP: 52/52 MP: 6/6
  2310 | D:2      | Noticed Natasha
  2320 | D:2      | Killed Natasha
  2321 | D:2      | Reached skill level 7 in Axes
  2419 | D:3      | Found Kojono's Armour Boutique.
  2446 | D:3      | Bought the +1 cloak of Duty {Harm rC+} for 235 gold pieces
  2446 | D:3      | Bought the -1 pair of boots of Benevolence {rElec Str+3}
                  | for 198 gold pieces
  2446 | D:3      | Bought a +1 pair of gloves for 115 gold pieces
  2446 | D:3      | Bought a +3 plate armour of cold resistance for 450 gold
                  | pieces
  2446 | D:3      | Bought a +0 helmet for 45 gold pieces
  2553 | D:3      | Found an ornate altar of the Wu Jian Council.
  2553 | D:3      | Found a shadowy altar of Dithmenos.
  3040 | D:3      | Noticed Pargi
  3042 | D:3      | Noticed Pargi
  3042 | D:3      | Pargi changed into Pargi the tengu
  3051 | D:3      | Killed Pargi the tengu
  3052 | D:3      | Reached skill level 8 in Axes
  3052 | D:3      | Reached XP level 7. HP: 54/60 MP: 7/7
  3546 | D:4      | Found a shimmering altar of Xom.
  3578 | D:4      | Found a staircase to the Ecumenical Temple.
  3584 | Temple   | Entered the Ecumenical Temple
  3651 | Temple   | Became a worshipper of Trog the Wrathful
  3844 | D:4      | Noticed Duvessa
  3844 | D:4      | Noticed Dowan
  3858 | D:4      | Killed Dowan
  3872 | D:4      | Killed Duvessa
  3873 | D:4      | Reached skill level 9 in Axes
  4188 | D:4      | Found Mapit's Armour Shop.
  4287 | D:5      | Entered Level 5 of the Dungeon
  4306 | D:5      | Reached skill level 5 in Fighting
  4511 | D:5      | Noticed Prince Ribbit
  4542 | D:5      | Killed Prince Ribbit
  4543 | D:5      | Reached skill level 10 in Axes
  4543 | D:5      | Reached XP level 8. HP: 57/68 MP: 8/8
  4781 | D:5      | Noticed a troll
  4782 | D:5      | Noticed a black mamba
  4782 | D:5      | a troll changed into a black mamba
  4799 | D:5      | Killed a black mamba
  4799 | D:5      | Reached * piety under Trog
  4800 | D:5      | Reached skill level 11 in Axes
  4990 | D:5      | Reached skill level 1 in Throwing
  5105 | D:5      | Reached skill level 1 in Dodging
  5129 | D:5      | Reached skill level 5 in Armour
  5323 | D:6      | Reached XP level 9. HP: 77/77 MP: 9/9
  5440 | D:6      | Reached skill level 12 in Axes
  5440 | D:6      | Reached skill level 1 in Evocations
  5705 | D:6      | Reached skill level 13 in Axes
  6025 | D:6      | Reached ** piety under Trog
  6060 | D:6      | Reached skill level 14 in Axes
  6060 | D:6      | Reached skill level 5 in Shields
  6088 | D:6      | Noticed a troll
  6098 | D:6      | Killed a troll
  6099 | D:6      | Reached XP level 10. HP: 86/86 MP: 10/10
  6258 | D:7      | Noticed Joseph
  6272 | D:7      | Killed Joseph
  6273 | D:7      | Reached skill level 15 in Axes
  7290 | D:8      | Reached *** piety under Trog
  7335 | D:8      | Found a glowing golden altar of the Shining One.
  7516 | D:8      | Reached skill level 16 in Axes
  7572 | D:8      | Noticed a gargoyle
  7584 | D:8      | Killed a gargoyle
  7660 | D:8      | Reached XP level 11. HP: 36/94 MP: 11/11
  7892 | D:8      | Noticed a two-headed ogre
  7901 | D:8      | Killed a two-headed ogre
  7902 | D:8      | Reached skill level 17 in Axes
  8337 | D:8      | Found a staircase to the Lair.
  8716 | D:8      | Reached XP level 12. HP: 104/104 MP: 12/12
  9080 | D:9      | Found a staircase to the Orcish Mines.
  9116 | Lair:1   | Entered Level 1 of the Lair of Beasts
  9132 | Lair:1   | Reached **** piety under Trog
  9255 | Lair:1   | Noticed a catoblepas
  9365 | Lair:1   | Killed a catoblepas
  9366 | Lair:1   | Reached skill level 18 in Axes
  9865 | Lair:1   | Identified the +2 dagger "Goblin's Regret" {pain, Str+7
                  | Int-5 SInv Stlth-}
 10700 | Lair:1   | Reached skill level 10 in Fighting
 11065 | Lair:1   | Reached skill level 1 in Maces & Flails
 11494 | Lair:2   | Reached XP level 13. HP: 105/114 MP: 13/13
 12080 | Lair:2   | Noticed Gastronok
 12148 | Lair:2   | Killed Gastronok
 12447 | Lair:2   | Found a hole to the Spider Nest.
 12508 | Lair:2   | Reached skill level 5 in Maces & Flails
 13191 | Lair:2   | Found a staircase to the Swamp.
 13396 | Lair:3   | Reached skill level 5 in Throwing
 13838 | Lair:3   | Paralysed by a hornet for 1 turns
 13862 | Lair:3   | Paralysed by a hornet for 1 turns
 14368 | Lair:3   | Found the +4 robe of Folly {Brilliance Will-∞ Int+8}
 15814 | Lair:4   | Found the +7 sceptre of Torment {pain, torment}
 15918 | Lair:3   | Reached XP level 14. HP: 57/124 MP: 14/14
 16330 | Lair:4   | Reached skill level 10 in Armour
 16442 | Lair:4   | Found a staircase to the Slime Pits.
 16442 | Lair:4   | Found a viscous altar of Jiyva.
 17055 | Lair:5   | Entered Level 5 of the Lair of Beasts
 17417 | Lair:5   | Reached ***** piety under Trog
 17630 | Lair:5   | Reached skill level 10 in Maces & Flails
 17651 | Lair:5   | HP: 8/186 [death yak (14)]
 17657 | Lair:5   | Slain by a komodo dragon

Illustrated notes

Levels and vault maps discovered:
D:1:      shiori_arrival_whats_in_store_for_you, layout_loops_ring,
          ebering_ecumenical_altar_mist, minmay_gold_behind_fungi,
          kennysheep_crisscross
D:2:      minmay_razor_zed, layout_basic, uniq_natasha, uniq_terence
D:3:      layout_basic, nicolae_overflow_two_pavilions, serial_shops,
          nicolae_diamond_shop, uniq_pargi
D:4:      layout_basic, amcnicky_altar_gilded, minmay_temple_entry_hall,
          serial_shops, shop, minmay_misc_feat_secret_circle,
          nicolae_figureground_pulse, uniq_duvessa
D:5:      layout_cave_pods, nicolae_elevator_lobby_asterisk, uniq_prince_ribbit1
D:6:      wad_guarded_room, layout_cave_pools, st_stairs_4
D:7:      layout_cave_pods, dreamdust_wishing_well, uniq_joseph
D:8:      layout_loops_corners, mainiacjoe_overflow_alcove_2,
          erik_lair_orcish_takeover, grunt_livestock
D:9:      minmay_slanted_spiral_squares, layout_rooms, david_orc_2,
          nicolae_concentric_dashed_squares_wild, uniq_maggie
Temple:   hc_temple_tempest_star
Lair:1:   minmay_lair_venomous_thicket, layout_layer_cave, lemuel_fruit_tree
Lair:2:   layout_gridlike, palyth_hydra_swamp_entry, spider_nest_entry_webs,
          uniq_gastronok
Lair:3:   wander_river, layout_layer_cave, dreamdust_wasp_nest,
          grunt_megastairs_5
Lair:4:   layout_long_grid, slime_entry_1
Lair:5:   minmay_lair_end_enchanted_forest, layout_gridlike,
          nicolae_quartered_pool_medium, minivault_23, nzn_sisyphean_effort,
          uniq_snorg

Skill      XL: |  1  2  3  4  5  6  7  8  9 10 11 12 13 14 |
---------------+-------------------------------------------+-----
Axes           | 3 4 5 6 8 10 11 14 16 17 18 | 18.8
Fighting       | 4 5 6 7 8 9 10 11 | 11.5
Armour         | 4 5 7 9 10 | 10.3
Shields        | 4 5 6 7 8 9 |  9.9
Throwing       | 1 2 3 4 5 |  5.1
Dodging        | 1 2 3 |  3.2
Evocations     | 1 3 4 |  4.6
Maces & Flails | 2 8 10 | 10.3

Action                   |  1- 3 |  4- 6 |  7- 9 | 10-12 | 13-15 || total
-------------------------+-------+-------+-------+-------+-------++-------
Melee: War axe           |    69 |   109 |   275 |   338 |       ||   791
       Unarmed           |       |     4 |       |       |       ||     4
       Broad axe         |       |       |       |    61 |    73 ||   134
       Morningstar       |       |       |       |       |   424 ||   424
Throw: Dart              |       |       |    16 |    27 |    26 ||    69
       Boomerang         |       |       |       |     2 |    17 ||    19
       Javelin           |       |       |       |     2 |    13 ||    15
Invok: Berserk           |       |       |     1 |     3 |     8 ||    12
       Brothers in Arms  |       |       |       |       |     1 ||     1
Evoke: Wand              |       |     3 |     8 |    37 |     9 ||    57
  Use: Scroll            |     2 |     4 |    10 |     6 |     7 ||    29
       Potion            |     1 |     2 |     1 |     4 |     5 ||    13
 Stab: Invisible         |       |       |       |     5 |     4 ||     9
Armor: Scale mail        |    41 |    26 |       |       |       ||    67
       Plate armour      |       |    26 |   171 |   208 |   394 ||   799
Dodge: Dodged            |    32 |    51 |   108 |   149 |   261 ||   601
Block: Buckler           |    21 |    14 |    48 |     9 |       ||    92
       Kite shield       |       |       |       |   131 |   362 ||   493
